AoeStats
← Steffels

Arabia

510095505Analyzed
1v1 RM · 2d ago on Sep 29, 2026· 48m 5s· 2 players
Game mode
Random Map
Map size
Tiny (2 player)
Population
200
Speed
Normal
Resources
Standard
Victory
Conquest
Starting age
Dark Age
Ending age
Imperial Age
RankedLock teamsTeams togetherTeam positionsShared explorationLock speedFull tech treeHidden civsTurbo modeCheats
Victory
Defeat
🇧🇪 Varangians · Belgium
1064
+16
🇫🇷 Magyars · France
1056
-16
[SAPR] Janstonbeats
6:32 Loom
9:33 Feudal Age
10:04 Double-Bit Axe
10:01 Horse Collar
19:16 Wheelbarrow
21:59 Castle Age
20:56 Scale Barding Armor
21:42 Bloodlines
23:01 Bow Saw
22:50 Gold Mining
23:58 Light Cavalry
25:20 Husbandry
30:15 Chain Barding Armor
39:11 Heavy Plow
40:55 Hand Cart
45:57 Imperial Age
43:17 Town Watch
43:42 Fletching
46:02 Cavalier
47:20 Plate Barding Armor
Steffels
6:14 Loom
9:47 Feudal Age
10:42 Double-Bit Axe
11:03 Horse Collar
14:51 Bloodlines
22:07 Castle Age
20:51 Scale Mail Armor
21:02 Forging
22:08 Pikeman
22:49 Squires
23:43 Chain Mail Armor
24:04 Iron Casting
23:33 Arson
26:32 Fletching
27:02 Crossbowman
28:18 Bodkin Arrow
30:03 Padded Archer Armor
34:59 Ballistics
35:21 Bow Saw
36:31 Wheelbarrow
40:06 Imperial Age
40:30 Hand Cart
40:15 Halberdier
43:30 Gold Mining
43:49 Bracer
45:10 Leather Archer Armor
45:28 Plate Mail Armor
47:02 Chemistry
49:22 Blast Furnace
Connection lost

Rejoining the realm…

Still unreachable

The connection could not be restored.

Session expired

The server has moved on; the page needs a fresh start.